 Dungeon Crawl Stone Soup version 0.26.0-16-gc1dbca0489 (webtiles) character file.

Game seed: 14530505986038720332

158 kaeus the Cutter (level 5, -10/33 HPs)
             Began as a Kobold Berserker on Jan 20, 2021.
             Was a Priest of Trog.
             Killed by divine providence
             ... invoked by an orc priest
              (14 damage)
             ... on level 3 of the Dungeon.
             The game lasted 00:07:20 (2426 turns).

kaeus the Cutter (Kobold Berserker)                 Turns: 2426, Time: 00:07:20

Health: -10/33     AC:  3    Str: 14    XL:     5   Next: 67%
Magic:  5/5        EV: 16    Int:  9    God:    Trog [***...]
Gold:   117        SH:  0    Dex: 15    Spells: 4/4 levels left

rFire    . . .     SeeInvis .   g - +1 dagger (venom)
rCold    . . .     Faith    .   (shield restricted)
rNeg     . . .     Spirit   .   p - -1 leather armour (curse)
rPois    .         Reflect  .   (no helmet)
rElec    .         Harm     .   (no cloak)
rCorr    .         Rampage  .   a - +0 pair of gloves
Will     .....     Rnd*Tele +   (no boots)
Stlth    +++.......             (no amulet)
HPRegen  0.11/turn              m - ring of teleportation (curse)
MPRegen  0.09/turn              (no ring)

@: no status effects
A: small, nightstalker 3
a: Renounce Religion, Berserk, Trog's Hand


You were on level 3 of the Dungeon.
You worshipped Trog.
Trog was most pleased with you.
You visited 1 branch of the dungeon, and saw 4 of its levels.

You collected 117 gold pieces.

Inventory:

Hand Weapons
 g - a +1 dagger of venom (weapon)
Armour
 a - a +0 pair of gloves (worn)
 b - a +0 animal skin
 h - a +0 buckler
 p - a cursed -1 leather armour (worn)
Jewellery
 m - a cursed ring of teleportation (left hand)
Scrolls
 c - 3 scrolls of teleportation
 d - a scroll of identify
Potions
 e - a potion of lignification {unknown}
 f - a potion of ambrosia {unknown}
 i - 2 potions of berserk rage {unknown}
 j - a potion of resistance {unknown}
 k - 3 potions of curing {unknown}
 l - a potion of heal wounds {unknown}


   Skills:
 + Level 4.2 Fighting
 + Level 5.2 Short Blades
 - Level 1.5 Armour
 + Level 3.8 Dodging
 + Level 3.4 Stealth


You had 4 spell levels left.
You didn't know any spells.
Your spell library was empty.

Dungeon Overview and Level Annotations

Branches:
Dungeon (4/15)
 Temple: D:4-7

Altars:
Trog

Annotations:
D:3 Sigmund


Innate Abilities, Weirdness & Mutations

You are small and have problems with some larger weapons.
You are completely attuned to the shadows.


Message History

The orc wizard looks as sick as possible!
The orc wizard is heavily wounded.
The orc priest calls upon Beogh to heal the orc wizard.
The orc wizard is healed somewhat.
The orc wizard hits you with a +0 dagger.
You hear a shout!
You hit the orc wizard but do no damage.
The orc wizard looks as sick as possible!
The orc wizard is lightly wounded.
You closely miss the orc wizard.
The orc wizard is lightly wounded.
The orc wizard casts a spell at you. The puff of flame hits you!
* * * LOW HITPOINT WARNING * * *
You can't go up here!
The orc wizard hits you with a +0 dagger.
* * * LOW HITPOINT WARNING * * *
The orc priest calls down the wrath of Beogh upon you.
Beogh smites you!
You die...

#.# #.##.##
#.#< #.#
#.##.#
.###.#. #.#
#.##.#
.......
#.####.##.#
###.##
#.##...##.#
#.#
#.##.####.#
#.## #.##.#
#.# #...
#.##.####.#
#..#
#.@oo.....#
##.#
####o######
#.# #.# #.#
#.# #.#
#o#####
#...=o#
#####o#


You could see 2 orc priests and an orc wizard (extremely poisoned).

Vanquished Creatures
  A hound (D:2)
  A gnoll (D:1)
  4 adders
  An ooze (D:2)
  2 worms (D:2)
  2 dart slugs
  3 leopard geckos (D:1)
  2 orcs (D:3)
  A ball python (D:3)
  2 giant cockroaches
  9 goblins
  6 hobgoblins
  7 jackals
  3 kobolds (D:2)
  8 bats
  2 frilled lizards
  7 rats
61 creatures vanquished.

Notes
Turn   | Place    | Note
-------+----------+-------------------------------------------
     0 | D:1      | kaeus the Kobold Berserker began the quest for the Orb.
     0 | D:1      | Reached XP level 1. HP: 14/14 MP: 1/1
    96 | D:1      | Reached skill level 1 in Stealth
    96 | D:1      | Reached XP level 2. HP: 11/19 MP: 2/2
   474 | D:1      | Reached XP level 3. HP: 21/24 MP: 3/3
  1207 | D:2      | Reached ** piety under Trog
  1230 | D:2      | Reached XP level 4. HP: 29/29 MP: 4/4
  1385 | D:2      | Found a bloodstained altar of Trog.
  1613 | D:2      | Reached skill level 5 in Short Blades
  1613 | D:2      | Reached XP level 5. HP: 16/33 MP: 5/5
  2077 | D:3      | Noticed Sigmund
  2198 | D:3      | Reached *** piety under Trog
  2426 | D:3      | Killed from afar by an orc priest

Illustrated notes

Levels and vault maps discovered:
D:1:      eino_arrival_cavern_b, layout_loops_ring
D:2:      layout_loops_cross, lightli_temple_of_fire, serial_glass,
          glass_columns_b, glass_columns_a
D:3:      layout_loops_ring, uniq_sigmund
D:4:      layout_basic

Skill      XL: |  1  2  3  4 |
---------------+-------------+-----
Stealth        | 1 2 3 |  3.4
Dodging        | 3 |  3.8
Fighting       | 4 |  4.2
Short Blades   | 5 |  5.2
Armour         | |  1.5

Action                   |  1- 3 |  4- 6 || total
-------------------------+-------+-------++-------
Melee: Short sword       |    38 |       ||    38
       Dagger            |    25 |    86 ||   111
  Use: Scroll            |       |     5 ||     5
 Stab: Sleeping          |    12 |    14 ||    26
Armor: Animal skin       |     9 |     4 ||    13
       Leather armour    |       |     3 ||     3
Dodge: Dodged            |    51 |    56 ||   107
